 Dungeon Crawl Stone Soup version 0.26-a0-652-gafc20e3620 (webtiles) character file.

Game seed: 6844853112829647817

1848 Kraken2834 the Cleaver (level 8, -3/76 HPs)
             Began as a Deep Dwarf Fighter on Oct 1, 2020.
             Was an Initiate of Makhleb.
             Slain by a crocodile (8 damage)
             ... on level 8 of the Dungeon.
             The game lasted 00:24:56 (4275 turns).

Kraken2834 the Cleaver (Deep Dwarf Fighter)         Turns: 4275, Time: 00:24:58

Health: -3/76      AC: 15    Str: 21 (22) XL:     8   Next: 88%
Magic:  7/7        EV:  4    Int:  9      God:    Makhleb [......]
Gold:   454        SH:  9    Dex:  9 (12) Spells: 7/7 levels left

rFire    . . .     SeeInvis .   k - +5 war axe
rCold    . . .     Faith    .   c - +0 kite shield
rNeg     . . .     Spirit   .   f - +0 plate armour
rPois    .         Reflect  .   (no helmet)
rElec    .         Harm     .   (no cloak)
rCorr    .         Rampage  .   g - +2 pair of gloves
MR       +....                  (no boots)
Stlth    ..........             (no amulet)
HPRegen  0.00/turn              (no ring)
MPRegen  0.10/turn              (no ring)

@: lethally poisoned (-3 -> -28), non-regenerating, slowed, very slow
A: damage resistance, heal wounds, hooves 2, sense surroundings 1, wild magic 1,
no regeneration
a: Heal Wounds, Renounce Religion


You were on level 8 of the Dungeon.
You worshipped Makhleb.
Makhleb was noncommittal.
You visited 2 branches of the dungeon, and saw 9 of its levels.

You collected 454 gold pieces.

Inventory:

Hand Weapons
 a - a +0 war axe
 k - a +5 war axe (weapon)
Armour
 c - a +0 kite shield (worn)
 f - a +0 plate armour (worn)
 g - a +2 pair of gloves (worn)
Wands
 i - a wand of polymorph (12)
Scrolls
 b - 7 scrolls of identify
 h - 7 scrolls of teleportation
 j - 5 scrolls of remove curse
 n - a scroll of enchant weapon
Potions
 d - 4 potions of might
 e - 2 potions of haste
 l - 3 potions of resistance
 m - a potion of stabbing
 o - a potion of degeneration


   Skills:
 * Level 6.1 Fighting
 + Level 9.4 Axes
 + Level 5.2 Armour
 + Level 5.0 Shields


You had 7 spell levels left.
You didn't know any spells.
Your spell library contained the following spells:

 Spells                   Type           Power        Failure   Level
 Corona                   Hex            #......      100%        1
 Freeze                   Ice            #...         100%        1
 Ensorcelled Hibernation  Hex/Ice        #.....       100%        2
 Confusing Touch          Hex            #.......     100%        3
 Dazzling Flash           Conj/Hex       #.....       100%        3
 Frozen Ramparts          Ice            #.....       100%        3
 Ozocubu's Armour         Ice            #.......     100%        3
 Tukima's Dance           Hex            #.......     100%        3
 Hailstorm                Conj/Ice       #.......     100%        4
 Summon Ice Beast         Ice/Summ       #.......     100%        4


Dungeon Overview and Level Annotations

Branches:
Dungeon (8/15)             Temple (1/1) D:7
   Lair: D:8-11

Altars:
Ashenzari
Cheibriados
Dithmenos
Elyvilon
Fedhas
Hepliaklqana
Kikubaaqudgha
Makhleb
Qazlal
Trog
Wu Jian
Xom
Yredelemnul

Shops:
D:7 !


Innate Abilities, Weirdness & Mutations

You are resistant to damage.
You can heal yourself by infusing magical energy.
You passively map a small area around you.
You do not regenerate.
You have hoof-like feet.
Your spells are a little harder to cast, but a little more powerful.


Message History

The hornet stings you.
* * * LOW HITPOINT WARNING * * *
You are more poisoned.
You feel as though you will be slow longer.
The crocodile bites you.
You feel sick. The hornet stings you!
* * * LOW HITPOINT WARNING * * *
You are lethally poisoned!
You feel as though you will be slow longer.
The crocodile bites you but does no damage.
You can move again.
There is a stone staircase leading up, spattered with blood here.
* * * LOW HITPOINT WARNING * * *
You feel very sick.
The hornet stings you but does no damage.
The hornet stings you!
* * * LOW HITPOINT WARNING * * *
You are more poisoned.
You shrug off the repeated paralysis!
The crocodile bites you!
You die...

* , * * * , #, **
* ,.c , ... ,, ,
. * #... * * #.#
* , , #....####
,...# ,
,.y.....c#,....#
, * *
.#.#####y#.....#,
,
.).....t@......#
*
...#########+#.#
, *, ,,, , * *,
,, * , , *, , , ,
, ,, , , , , , ,
, * *, < * , , ,
,, , ,


You could see a hornet, a crocodile and a centaur.

Vanquished Creatures
  Grinder (D:3)
  Edmund (D:6)
  A sky beast (D:7)
  An ice beast (D:5)
  A phantom (D:4)
  An ogre (D:5)
  3 centaurs
  A bullfrog (D:6)
  A scorpion (D:5)
  5 killer bees
  3 hounds
  2 jellies (D:7)
  An orc priest (D:4)
  3 orc wizards
  A worker ant (D:4)
  A howler monkey zombie (D:5)
  14 adders
  2 shadow imps (D:5)
  A white imp (D:5)
  An ufetubus (D:5)
  An adder skeleton (D:4)
  An adder zombie (D:6)
  A worm (D:4)
  A dart slug (D:1)
  5 leopard geckos
  22 orcs
  A ball python (D:3)
  6 bats
  7 giant cockroaches
  5 goblins
  5 hobgoblins
  9 jackals
  2 quokkas
  6 frilled lizards
  A jackal skeleton (D:6)
  8 kobolds
  14 rats
140 creatures vanquished.

Vanquished Creatures (others)
  4 fungi (D:2)
  4 plants (D:2)
8 creatures vanquished.

Grand Total: 148 creatures vanquished

Notes
Turn   | Place    | Note
-------+----------+-------------------------------------------
     0 | D:1      | Kraken2834 the Deep Dwarf Fighter began the quest for the
                  | Orb.
     0 | D:1      | Reached XP level 1. HP: 20/20 MP: 1/1
   179 | D:1      | Reached XP level 2. HP: 26/28 MP: 2/2
   485 | D:1      | Reached XP level 3. HP: 32/34 MP: 3/3
   943 | D:2      | Reached skill level 3 in Axes
   949 | D:2      | Found a blossoming altar of Fedhas.
   969 | D:2      | Found a stormy altar of Qazlal.
  1143 | D:2      | Reached XP level 4. HP: 40/44 MP: 4/4
  1677 | D:3      | Found an ancient bone altar of Kikubaaqudgha.
  1780 | D:3      | Reached skill level 4 in Axes
  1802 | D:3      | Reached XP level 5. HP: 44/50 MP: 5/5
  2026 | D:3      | Noticed Grinder
  2036 | D:3      | Killed Grinder
  2036 | D:3      | Reached skill level 6 in Axes
  2036 | D:3      | Reached XP level 6. HP: 41/58 MP: 6/6
  2121 | D:3      | Found a bloodstained altar of Trog.
  2450 | D:4      | Reached XP level 7. HP: 48/66 MP: 6/6
  2640 | D:5      | Entered Level 5 of the Dungeon
  2674 | D:5      | Found a broken altar of Ashenzari.
  2733 | D:5      | Reached skill level 7 in Axes
  2807 | D:5      | Found a white marble altar of Elyvilon.
  2861 | D:5      | Reached skill level 5 in Fighting
  3208 | D:6      | Reached skill level 8 in Axes
  3208 | D:6      | Reached XP level 8. HP: 50/74 MP: 7/7
  3286 | D:6      | Noticed Edmund
  3302 | D:6      | Killed Edmund
  3374 | D:6      | Found a shadowy altar of Dithmenos.
  3441 | D:6      | Gained mutation: You have large cloven feet. [potion of
                  | mutation]
  3441 | D:6      | Gained mutation: Your spells are a little harder to cast,
                  | but a little more powerful. [potion of mutation]
  3441 | D:6      | Gained mutation: You have hoof-like feet. [potion of
                  | mutation]
  3457 | D:6      | Found an ornate altar of the Wu Jian Council.
  3458 | D:6      | Found a shimmering altar of Xom.
  3705 | D:7      | Found a staircase to the Ecumenical Temple.
  3729 | Temple   | Entered the Ecumenical Temple
  3808 | Temple   | Became a worshipper of Makhleb the Destroyer
  3836 | D:7      | Reached skill level 9 in Axes
  3918 | D:7      | Reached skill level 5 in Armour
  3962 | D:7      | Reached skill level 5 in Shields
  4038 | D:7      | Found Ohyt's Distillery.
  4257 | D:8      | Noticed a hornet
  4266 | D:8      | Paralysed by a hornet for 3 turns
  4272 | D:8      | Paralysed by a hornet for 3 turns
  4275 | D:8      | Slain by a crocodile

Illustrated notes

Levels and vault maps discovered:
D:1:      dpeg_arrival_line_fractal, layout_loops_ring
D:2:      layout_loops_corners, grunt_temple_overflow_forces_of_nature,
          due_unseen_surprise
D:3:      layout_loops_cross, kiku_gazebo_pond_becter, bloody_trog,
          minmay_starry_boxes, uniq_grinder
D:4:      layout_rooms, nrook_mini_backslash
D:5:      layout_basic, lemuel_doored_altar, ashenzari_conservatory_becter
D:6:      layout_cave_pools, grunt_temple_overflow_open, grunt_dithmenos_smoke,
          uniq_edmund
D:7:      layout_cave_pools, minmay_temple_entry_offerings, serial_shops,
          shop_fountains
D:8:      layout_basic, basic_altar, serial_curves, eino_curves_01,
          eino_curves_04, fedhas_altar_decomposition, uniq_joseph, uniq_grum
Temple:   minmay_temple_curvy_branch

Skill      XL: |  1  2  3  4  5  6  7  8 |
---------------+-------------------------+-----
Fighting       | 3 4 5 6 |  6.1
Axes           | 3 4 6 8 9 |  9.4
Shields        | 4 5 |  5.0
Armour         | 4 5 |  5.2

Action                   |  1- 3 |  4- 6 |  7- 9 || total
-------------------------+-------+-------+-------++-------
Melee: War axe           |   123 |   160 |   191 ||   474
       Kick              |       |       |    13 ||    13
 Abil: Heal Wounds       |       |     1 |     5 ||     6
  Use: Potion            |     4 |     4 |     5 ||    13
       Scroll            |     2 |     3 |     3 ||     8
Armor: Plate armour      |    78 |    88 |   133 ||   299
Dodge: Dodged            |    22 |    23 |    29 ||    74
Block: Kite shield       |    69 |    72 |    98 ||   239

Table legend: (Time is in decaauts)
 A = Elapsed time spent in this place.
 B = Non-inter-level travel time spent in this place.
 C = Inter-level travel time spent in this place.
 D = Time resting spent in this place.
 E = Time spent auto-exploring this place.
 F = Levels seen in this place.
 G = Mean time per level.
                   A        B        C        D        E       F      G
               +--------+--------+--------+--------+--------+-----+--------+
         Total |   4418 |   4205 |    213 |     47 |   2755 |   9 |  490.9 |
       Dungeon |   4315 |   4102 |    213 |     47 |   2737 |   8 |  539.4 |
        Temple |    102 |    102 |      0 |      0 |     18 |   1 |  102.0 |
               +--------+--------+--------+--------+--------+-----+--------+

Top non-repeatable levels by time:
     D:2: 926 daAuts
     D:1: 720 daAuts
     D:3: 685 daAuts
     D:5: 557 daAuts
     D:6: 510 daAuts
     D:7: 481 daAuts
     D:4: 413 daAuts
  Temple: 102 daAuts
     D:8: 22 daAuts
